 Dungeon Crawl Stone Soup version 0.29-a0-380-gf50f0a9fbc (webtiles) character file.

Game seed: 3568819535058699947

3913 Antichthon the Carver (level 10, -6/76 HPs)
             Began as a Formicid Abyssal Knight on May 5, 2022.
             Was an Elder of Lugonu.
             Mangled by a death yak (22 damage)
             ... on level 7 of the Dungeon.
             The game lasted 00:13:58 (11559 turns).

Antichthon the Carver (Formicid Abyssal Knight)    Turns: 11559, Time: 00:13:58

Health: -6/76      AC: 11    Str: 19    XL:     10   Next: 43%
Magic:  13/13      EV:  9    Int:  9    God:    Lugonu [****..]
Gold:   223        SH:  5    Dex: 15    Spells: 9/9 levels left

rFire   + . .      SeeInvis +   a - +0 great sword
rCold   + . .      Faith    .   (no shield)
rNeg    + . .      Spirit   .   t - +0 chain mail
rPois   .          Reflect  +   (helmet unavailable)
rElec   .          Harm     +   (no cloak)
rCorr   .          Rampage  .   q - +0 pair of gloves
Will    ++...                   (no boots)
Stlth   ..........              b - amulet "Canoyg" {Reflect Harm *Slow rC+ SH+5}
HPRegen 0.22/turn               u - ring of positive energy
MPRegen 0.13/turn               (no ring)

@: no status effects
A: permanent stasis, dig shafts and tunnels, antennae 3, four strong arms, fire
resistance 1, strong-willed 1
a: Dig, Shaft Self, Renounce Religion, Depart the Abyss, Bend Space, Banish,
Corrupt


You were on level 7 of the Dungeon.
You worshipped Lugonu.
Lugonu was greatly pleased with you.
You visited 1 branch of the dungeon, and saw 8 of its levels.
You visited the Abyss 1 time.

You collected 314 gold pieces.
You spent 91 gold pieces at shops.

Inventory:

Hand Weapons
 a - a +0 great sword (weapon)
Armour
 q - a +0 pair of gloves (worn)
 t - a +0 chain mail (worn)
Jewellery
 b - the amulet "Canoyg" (around neck) {Reflect Harm *Slow rC+ SH+5}
   (You acquired it on level 6 of the Dungeon)

   [amulet of reflection]

   It reflects blocked missile attacks.
   rC:        It protects you from cold.
   *Slow:     It may slow you when you take damage.
   SH:        It affects your SH (+5).
   Harm:      It increases damage dealt and taken.
 u - a ring of positive energy (left hand)
Wands
 e - a wand of acid (7)
 p - a wand of paralysis (8)
 s - a wand of iceblast (10)
 v - a wand of polymorph (9)
Scrolls
 c - 2 scrolls of amnesia {unknown}
 d - 2 scrolls of blinking {unknown}
 f - a scroll of immolation {unknown}
 i - a scroll of enchant weapon {unknown}
 k - a scroll of brand weapon {unknown}
 l - a scroll of enchant armour {unknown}
 n - 2 scrolls of poison
 r - 2 scrolls of magic mapping {unknown}
 w - 2 scrolls of fear {unknown}
 y - a scroll of vulnerability {unknown}
 A - 2 scrolls of fog {unknown}
Potions
 g - 3 potions of haste
 h - a potion of mutation
 j - a potion of invisibility {unknown}
 m - 2 potions of brilliance {unknown}
 o - 2 potions of might
 x - a potion of flight {unknown}
 z - 2 potions of attraction
 B - a potion of cancellation {unknown}
 C - 2 potions of lignification {unknown}


   Skills:
 * Level 6.2 Fighting
 * Level 8.1 Long Blades
 * Level 3.6 Crossbows
 * Level 6.1 Armour
 * Level 3.6 Dodging
 * Level 4.9 Stealth
 * Level 4.2 Shields
 * Level 5.2 Invocations
 * Level 4.1 Evocations


You had 9 spell levels left.
You didn't know any spells.
Your spell library contained the following spells:

 Spells                   Type           Power      Damage    Failure   Level
 Animate Skeleton         Necr           0%         N/A       99%         1
 Apportation              Tloc           0%         N/A       99%         1
 Summon Small Mammal      Summ           0%         N/A       99%         1
 Inner Flame              Hex/Fire       0%         N/A       100%        3
 Ozocubu's Armour         Ice            0%         N/A       100%        3
 Cause Fear               Hex            0%         N/A       100%        4
 Olgreb's Toxic Radiance  Pois           0%         N/A       100%        4
 Metabolic Englaciation   Hex/Ice        0%         N/A       100%        5
 Simulacrum               Ice/Necr       0%         N/A       100%        6
 Ozocubu's Refrigeration  Ice            0%         4d5       100%        7
 Discord                  Hex            0%         N/A       100%        8
 Ignition                 Fire           0%         3d3       100%        8


Dungeon Overview and Level Annotations

Branches:
Dungeon (8/15)             Temple (0/1) D:4            Lair (0/6) D:8

Altars:
Ashenzari
Qazlal

Shops:
D:4 (


Innate Abilities, Weirdness & Mutations

You cannot be hasted, slowed, berserked, paralysed or teleported.
You can dig through walls and to a lower floor.
You have a pair of large antennae on your head. (SInv)
Your four strong arms can wield two-handed weapons with a shield.
Your flesh is heat resistant. (rF+)
You are strong-willed. (Will+)


Message History

You start resting.
You feel a little less mighty now.
You start resting.
HP restored.
You start waiting.
Unknown command.
Things that are here:
a stone; a +0 short sword; +0 steam dragon scales You see here a +0 dagger of flaming.
There is a stone staircase leading down, spattered with blood here.
There is a stone staircase leading down, spattered with blood here.
You climb downwards.
There is a stone staircase leading up, spattered with blood here.
Unknown command.
The death yak gores you.
You climb upwards.
There is a stone staircase leading down, spattered with blood here.
You slice the death yak!!
The death yak is moderately wounded.
The death yak barely misses you.
You slash the death yak!
The death yak is severely wounded.
The death yak gores you!!
You slash the death yak!
The death yak is almost dead.
The death yak gores you!! The death yak gores you!
* * * LOW HITPOINT WARNING * * *
You hit the death yak.
The death yak is almost dead.
The death yak barely misses you.
Unknown command.
You hit the death yak.
The death yak is almost dead.
The death yak gores you.
* * * LOW HITPOINT WARNING * * *
Unknown command.
You hit the death yak but do no damage.
The death yak is almost dead.
The death yak gores you!!
You die...

........# #.# #.>.).###.....#
....###.####.# ###..[>.# #.#.#.#
....# #......# #.....))# #.#.#.#
....###.###..####.#.....# #.#.#.#
........#......##.#)....# #.#.#.#
...#.####.#..#.##.####### #.#Y#.#
.....# #.#..#.##.# #.....#
.....## #.#..#.##Y# ###.###
......###.#.....@)# #....##
...(......#.##.#### ##.#...#
...............# #####.......
.........##.##########.....P._.P.
..........#.....)......##........
............#############......##
.#........[..# ########
##.#.........# #.........)..#


You could see a death yak.

Vanquished Creatures
  2 death yaks (D:7)
  3 steam dragons
  2 water moccasins
  Duvessa (D:6)
  3 sky beasts
  An orc warrior (D:7)
  An ice beast (D:6)
  3 ogres
  A centaur (D:8)
  2 phantoms (D:5)
  A kobold brigand (D:8)
  A scorpion (D:3)
  A necrophage (D:5)
  Dowan (D:6)
  6 hounds
  A gnoll shaman (D:7)
  An orc priest (D:8)
  3 jellies
  An iguana (D:5)
  4 orc wizards
  A hell rat (D:8)
  16 gnolls
  9 adders
  A river rat (D:8)
  A white imp (D:6)
  An ufetubus (D:6)
  2 worms
  3 dart slugs
  23 orcs
  6 endoplasms
  4 giant cockroaches
  7 goblins
  8 hobgoblins
  16 kobolds
  12 quokkas
  7 ball pythons
  7 bats
  5 frilled lizards
  5 rats
173 creatures vanquished.

Vanquished Creatures (others)
  A gnoll (D:8)
1 creature vanquished.

Grand Total: 174 creatures vanquished

Notes
Turn   | Place    | Note
-------+----------+-------------------------------------------
     0 | Abyss:1  | Antichthon the Formicid Abyssal Knight began the quest for
                  | the Orb.
     0 | Abyss:1  | Reached XP level 1. HP: 18/18 MP: 2/2
     0 | D:1      | Escaped the Abyss
   136 | D:1      | Reached ** piety under Lugonu
   170 | D:1      | Reached skill level 1 in Dodging
   203 | D:1      | Reached XP level 2. HP: 9/24 MP: 3/3
   699 | D:1      | Reached XP level 3. HP: 25/30 MP: 4/4
  1684 | D:2      | Reached skill level 1 in Stealth
  1684 | D:2      | Reached skill level 1 in Shields
  1684 | D:2      | Reached XP level 4. HP: 30/37 MP: 5/5
  2104 | D:1      | Reached skill level 1 in Evocations
  2380 | D:2      | Reached skill level 1 in Crossbows
  2380 | D:2      | Reached XP level 5. HP: 10/42 MP: 5/7
  2894 | D:3      | Reached skill level 3 in Long Blades
  3149 | D:3      | Reached XP level 6. HP: 45/48 MP: 8/8
  3163 | D:3      | Reached *** piety under Lugonu
  3514 | D:4      | Found Kucwigiepu's Weapon Boutique.
  3816 | D:4      | Bought a +0 great sword for 91 gold pieces
  3838 | D:4      | Found a staircase to the Ecumenical Temple.
  4906 | D:4      | Reached XP level 7. HP: 54/54 MP: 9/9
  4996 | D:5      | Entered Level 5 of the Dungeon
  5026 | D:5      | Found a stormy altar of Qazlal.
  5145 | D:5      | Reached skill level 4 in Long Blades
  6058 | D:6      | Reached XP level 8. HP: 61/61 MP: 10/10
  6165 | D:6      | Reached skill level 5 in Long Blades
  7097 | D:6      | Noticed Dowan
  7123 | D:6      | Noticed Duvessa
  7128 | D:6      | Killed Duvessa
  7129 | D:6      | Reached skill level 5 in Fighting
  7140 | D:6      | Killed Dowan
  7140 | D:6      | Reached **** piety under Lugonu
  7431 | D:7      | Reached skill level 6 in Long Blades
  7431 | D:7      | Reached XP level 9. HP: 23/68 MP: 12/12
  7647 | D:7      | Found a broken altar of Ashenzari.
  7819 | D:6      | Gained mutation: You are strong-willed. (Will+) [potion of
                  | mutation]
  7819 | D:6      | Gained mutation: Your flesh is heat resistant. (rF+)
                  | [potion of mutation]
  7921 | D:6      | Identified a scroll of acquirement
  7921 | D:6      | Acquired the amulet "Canoyg" {Reflect Harm *Slow rC+ SH+5}
  9035 | D:7      | Reached skill level 5 in Armour
  9610 | D:8      | Reached skill level 7 in Long Blades
 10295 | D:8      | Reached XP level 10. HP: 48/76 MP: 13/13
 10497 | D:8      | Found a staircase to the Lair.
 10502 | D:8      | Noticed a death yak
 10502 | D:8      | Noticed a death yak
 10527 | D:8      | Noticed a death yak
 10866 | D:7      | Killed a death yak
 10867 | D:7      | Reached skill level 5 in Invocations
 11176 | D:7      | Killed a death yak
 11177 | D:7      | Reached skill level 8 in Long Blades
 11559 | D:7      | Mangled by a death yak

Illustrated notes

Levels and vault maps discovered:
D:1:      minmay_arrival_stair_chambers, layout_basic, minmay_small_reverse_x
D:2:      layout_rooms, minmay_indecisive_spiral
D:3:      layout_rooms, chequers_serial_rivers_marsh
D:4:      layout_cave_pools, minmay_temple_entry_wispy, serial_shops,
          nicolae_shop_bloodbath_and_beyond
D:5:      layout_gridville, mainiacjoe_overflow_cross_hatched, moated_statue,
          kennysheep_pointless_box
D:6:      layout_loops_corners, uniq_duvessa
D:7:      layout_loops_cross, mainiacjoe_overflow_tiny_flanked
D:8:      layout_rooms, dpeg_lair_monsters, serial_curves, eino_curves_03,
          eino_curves_02

Skill      XL: |  1  2  3  4  5  6  7  8  9 10 |
---------------+-------------------------------+-----
Dodging        | 1 2 3 |  3.6
Stealth        | 1 2 3 4 |  4.9
Shields        | 1 2 3 4 |  4.2
Evocations     | 1 2 3 4 |  4.1
Crossbows      | 1 2 3 |  3.6
Long Blades    | 3 4 6 7 8 |  8.1
Fighting       | 4 5 6 |  6.2
Armour         | 3 4 5 6 |  6.1
Invocations    | 3 4 5 |  5.2

Action                   |  1- 3 |  4- 6 |  7- 9 | 10-12 || total
-------------------------+-------+-------+-------+-------++-------
Melee: Falchion          |   112 |   185 |       |       ||   297
       Punch             |     1 |     1 |     3 |       ||     5
       Great sword       |       |    56 |   329 |    22 ||   407
Invok: Depart the Abyss  |     1 |       |       |       ||     1
       Bend Space        |       |       |     1 |     2 ||     3
  Use: Scroll            |       |       |     8 |       ||     8
       Potion            |       |       |     5 |     2 ||     7
Armor: Leather armour    |    32 |       |       |       ||    32
       Ring mail         |    17 |    83 |       |       ||   100
       Chain mail        |       |   121 |   235 |     4 ||   360
Dodge: Dodged            |    71 |   189 |   189 |     6 ||   455
Block: Other             |       |       |    50 |     2 ||    52
       Reflection        |       |       |     5 |       ||     5

Table legend: (Time is in decaauts)
 A = Elapsed time spent in this place.
 B = Non-inter-level travel time spent in this place.
 C = Inter-level travel time spent in this place.
 D = Time resting spent in this place.
 E = Time spent auto-exploring this place.
 F = Levels seen in this place.
 G = Mean time per level.
                   A        B        C        D        E       F      G
               +--------+--------+--------+--------+--------+-----+--------+
         Total |  11805 |  11572 |    233 |   3177 |   6182 |   9 | 1311.7 |
       Dungeon |  11805 |  11572 |    233 |   3177 |   6182 |   8 | 1475.6 |
         Abyss |      0 |      0 |      0 |      0 |      0 |   1 |    0.0 |
               +--------+--------+--------+--------+--------+-----+--------+

Top non-repeatable levels by time:
     D:7: 3062 daAuts
     D:6: 2044 daAuts
     D:1: 1847 daAuts
     D:3: 1536 daAuts
     D:5: 1101 daAuts
     D:2: 982 daAuts
     D:4: 718 daAuts
     D:8: 511 daAuts
